PAA
MARQUETTE MINERS @ CASPER GHOSTS
07/13/2034
 
TOP OF THE 1ST
Marquette Miners batting - Pitching for Casper Ghosts : RHP Roy Bell
Pitching: RHP Roy Bell
Batting: RHB Steve Albright 0-0: Ball
1-0: Foul Ball, location: 2F
1-1: Ball
2-1: Ball
3-1: Base on Balls
Batting: RHB Arvi Sutinen 0-0: Ball
Wild Pitch!
Steve Albright to second
1-0: Fly out, F5 (Line Drive, 5)
Batting: RHB Brock Dean 0-0: Ball
Steve Albright steals 3rd base
1-0: Called Strike
1-1: Swinging Strike
1-2: Ball
2-2: Foul Ball, location: 2F
2-2: Ball
3-2: Base on Balls
Batting: RHB Sameen Shaw 0-0: Ball
1-0: Foul Ball, location: 2F
1-1: Ball
2-1: Grounds into double play, 4-6-3 (Groundball, 4)
Top of the 1st over - 0 runs, 0 hits, 0 errors, 1 left on base; Marquette 0 - Casper 0
BOTTOM OF THE 1ST
Casper Ghosts batting - Pitching for Marquette Miners : RHP Barry Mullen
Pitching: RHP Barry Mullen
Batting: LHB Ronald Anderson 0-0: Ball
1-0: Ball
2-0: Swinging Strike
2-1: Fly out, F8 (Flyball, 8RD)
Batting: RHB Adrijan Markovski 0-0: Foul Ball, location: 2F
0-1: Foul Ball, location: 2F
0-2: SOLO HOME RUN (Flyball, 7LD), Distance : 373 ft
Batting: LHB Marcus Shill 0-0: Fly out, F9 (Flyball, 9S)
Batting: LHB Badry Maksimenov 0-0: Ball
1-0: Called Strike
1-1: Swinging Strike
1-2: Ball
2-2: Foul Ball, location: 2F
2-2: Foul Ball, location: 2F
2-2: Strikes out looking
Bottom of the 1st over - 1 run, 1 hit, 0 errors, 0 left on base; Marquette 0 - Casper 1
TOP OF THE 2ND
Marquette Miners batting - Pitching for Casper Ghosts : RHP Roy Bell
Batting: RHB Franklin Kelley 0-0: Swinging Strike
0-1: Swinging Strike
0-2: Ball
1-2: Foul Ball, location: 2F
1-2: Strikes out swinging
Batting: RHB Eli Cline 0-0: Ball
1-0: Ground out 6-3 (Groundball, 6)
Batting: RHB Matt Cleveland 0-0: Ball
1-0: Foul Ball, location: 2F
1-1: Ground out 3-1 (Groundball, 34)
Top of the 2nd over - 0 runs, 0 hits, 0 errors, 0 left on base; Marquette 0 - Casper 1
BOTTOM OF THE 2ND
Casper Ghosts batting - Pitching for Marquette Miners : RHP Barry Mullen
Batting: RHB Jeff Mouton 0-0: Ball
1-0: Foul Ball, location: 2F
1-1: Hit by Pitch
Batting: RHB Jur Prokop 0-0: Called Strike
0-1: Called Strike
0-2: Foul Ball, location: 2F
0-2: Ball
1-2: Foul Ball, location: 2F
1-2: Ball
2-2: Fly out, F6 (Popup, 6)
Batting: RHB Steve Weber 0-0: Ball
1-0: TRIPLE (Flyball, 78XD)
Jeff Mouton scores
Batting: RHB José Reyes 0-0: Called Strike
0-1: Called Strike
0-2: Ball
1-2: Hit by Pitch
Batting: RHB Tatsui Kiyomizu 0-0: Ball
1-0: Grounds into double play, 6-4-3 (Groundball, 6)
Bottom of the 2nd over - 1 run, 1 hit, 0 errors, 1 left on base; Marquette 0 - Casper 2
TOP OF THE 3RD
Marquette Miners batting - Pitching for Casper Ghosts : RHP Roy Bell
Batting: RHB Vic Funnell 0-0: SINGLE (Line Drive, 78S)
Batting: RHB Alejandro Márquez 0-0: Called Strike
0-1: Ball
Wild Pitch!
Vic Funnell to second
1-1: Ball
2-1: Fly out, F7 (Flyball, 7LD)
Batting: RHB Steve Albright 0-0: Foul Ball, location: 2F
0-1: Foul Ball, location: 2F
0-2: Ball
1-2: Ball
2-2: Foul Ball, location: 2F
2-2: Foul Ball, location: 2F
2-2: Fly out, F7 (Flyball, 78S)
Batting: RHB Arvi Sutinen 0-0: Called Strike
0-1: Fly out, F4 (Popup, 4S)
Top of the 3rd over - 0 runs, 1 hit, 0 errors, 1 left on base; Marquette 0 - Casper 2
BOTTOM OF THE 3RD
Casper Ghosts batting - Pitching for Marquette Miners : RHP Barry Mullen
Batting: LHB Ronald Anderson 0-0: Called Strike
0-1: Foul Ball, location: 2F
0-2: Strikes out looking
Batting: RHB Adrijan Markovski 0-0: Foul Ball, location: 2F
0-1: Ball
1-1: Called Strike
1-2: Foul Ball, location: 2F
1-2: Strikes out swinging
Batting: LHB Marcus Shill 0-0: Foul Ball, location: 2F
0-1: Called Strike
0-2: Fly out, F9 (Flyball, 9S)
Bottom of the 3rd over - 0 runs, 0 hits, 0 errors, 0 left on base; Marquette 0 - Casper 2
TOP OF THE 4TH
Marquette Miners batting - Pitching for Casper Ghosts : RHP Roy Bell
Batting: RHB Brock Dean 0-0: Ball
1-0: SINGLE (Groundball, 56) (infield hit)
Batting: RHB Sameen Shaw 0-0: Ball
1-0: Swinging Strike
1-1: Called Strike
Brock Dean steals 2nd base
1-2: Ball
2-2: Strikes out swinging
Batting: RHB Franklin Kelley 0-0: Called Strike
0-1: Foul Ball, location: 2F
0-2: Ball
1-2: Ground out 5-3 (Groundball, 56)
Batting: RHB Eli Cline 0-0: Called Strike
0-1: Swinging Strike
0-2: Foul Ball, location: 2F
0-2: Ground out 5-3 (Groundball, 5S)
Top of the 4th over - 0 runs, 1 hit, 0 errors, 1 left on base; Marquette 0 - Casper 2
BOTTOM OF THE 4TH
Casper Ghosts batting - Pitching for Marquette Miners : RHP Barry Mullen
Batting: LHB Badry Maksimenov 0-0: DOUBLE (Line Drive, 7LS)
Batting: RHB Jeff Mouton 0-0: Ball
1-0: Ground out 5-3 (Groundball, 56)
Batting: RHB Jur Prokop 0-0: Called Strike
0-1: SINGLE (Groundball, 56S) (infield hit)
Badry Maksimenov to third
Batting: RHB Steve Weber 0-0: Ball
1-0: Called Strike
1-1: Called Strike
1-2: Foul Ball, location: 2F
1-2: Ball
2-2: SINGLE (Line Drive, 6M)
Badry Maksimenov scores
Jur Prokop to second
Batting: RHB José Reyes 0-0: Ground out 3-1 (Groundball, 3S)
Jur Prokop to third
Steve Weber to second
Batting: RHB Tatsui Kiyomizu 0-0: Ball
1-0: Foul Ball, location: 2F
1-1: Ball
2-1: Swinging Strike
2-2: Ball
3-2: Strikes out swinging
Bottom of the 4th over - 1 run, 3 hits, 0 errors, 2 left on base; Marquette 0 - Casper 3
TOP OF THE 5TH
Marquette Miners batting - Pitching for Casper Ghosts : RHP Roy Bell
Batting: RHB Matt Cleveland 0-0: Called Strike
0-1: Ball
1-1: Foul Ball, location: 2F
1-2: Ball
2-2: Strikes out swinging
Batting: RHB Vic Funnell 0-0: Called Strike
0-1: Swinging Strike
0-2: Strikes out swinging
Batting: RHB Alejandro Márquez 0-0: Fly out, F7 (Flyball, 7S)
Top of the 5th over - 0 runs, 0 hits, 0 errors, 0 left on base; Marquette 0 - Casper 3
BOTTOM OF THE 5TH
Casper Ghosts batting - Pitching for Marquette Miners : RHP Barry Mullen
Batting: LHB Ronald Anderson 0-0: Called Strike
0-1: Ball
1-1: Ball
2-1: Ball
3-1: Base on Balls
Batting: RHB Adrijan Markovski 0-0: Called Strike
Ronald Anderson steals 2nd base
0-1: Ball
1-1: Called Strike
1-2: Foul Ball, location: 2F
1-2: Ball
2-2: Foul Ball, location: 2F
2-2: Ground out 5-3 (Groundball, 5L)
Batting: LHB Marcus Shill 0-0: Ball
1-0: Ball
2-0: Ball
3-0: Called Strike
3-1: Base on Balls
Batting: LHB Badry Maksimenov 0-0: Called Strike
0-1: Ball
1-1: 3-RUN HOME RUN (Flyball, 89XD), Distance : 413 ft
Batting: RHB Jeff Mouton 0-0: Called Strike
0-1: Ball
1-1: Foul Ball, location: 2F
1-2: Ball
2-2: Ground out 6-3 (Groundball, 6)
Batting: RHB Jur Prokop 0-0: Ball
1-0: SINGLE (Flyball, 56D)
Batting: RHB Steve Weber 0-0: Ball
Jur Prokop steals 2nd base
1-0: Ball
2-0: Ball
3-0: Called Strike
3-1: Called Strike
3-2: Base on Balls
Batting: RHB José Reyes 0-0: Called Strike
0-1: Ball
1-1: Swinging Strike
1-2: Ball
2-2: Ball
3-2: Base on Balls
Jur Prokop to third
Steve Weber to second
Pitching: RHP Kenko Nakano
Batting: RHB Tatsui Kiyomizu 0-0: Called Strike
0-1: Foul Ball, location: 2F
0-2: Ball
1-2: Strikes out swinging
Bottom of the 5th over - 3 runs, 2 hits, 0 errors, 3 left on base; Marquette 0 - Casper 6
TOP OF THE 6TH
Marquette Miners batting - Pitching for Casper Ghosts : RHP Roy Bell
Batting: RHB Steve Albright 0-0: Ball
1-0: Foul Ball, location: 2F
1-1: Ball
2-1: SINGLE (Groundball, 6D)
Batting: RHB Arvi Sutinen 0-0: Fly out, F9 (Flyball, 89D)
Batting: RHB Brock Dean 0-0: Ball
1-0: Hit by Pitch
Steve Albright to second
Batting: RHB Sameen Shaw 0-0: Called Strike
Steve Albright steals 3rd base
Brock Dean to second
0-1: Ball
1-1: Called Strike
1-2: Ball
2-2: Ball
3-2: Base on Balls
Batting: RHB Franklin Kelley 0-0: Foul Ball, location: 2F
0-1: Ball
1-1: SINGLE (Flyball, 9S)
Steve Albright scores
Brock Dean to third
Sameen Shaw to second
Batting: RHB Eli Cline 0-0: Ball
1-0: Foul Ball, location: 2F
1-1: Swinging Strike
1-2: Foul Ball, location: 2F
1-2: Ball
2-2: Foul Ball, location: 2F
2-2: Fly out, F8 (Flyball, 8RM)
Runner from 3rd tags up, SCORES, no throw
Batting: RHB Matt Cleveland 0-0: Fly out, F9 (Flyball, 9S)
Top of the 6th over - 2 runs, 2 hits, 0 errors, 2 left on base; Marquette 2 - Casper 6
BOTTOM OF THE 6TH
Casper Ghosts batting - Pitching for Marquette Miners : RHP Kenko Nakano
Batting: LHB Ronald Anderson 0-0: SINGLE (Groundball, 34D)
Batting: RHB Adrijan Markovski 0-0: Called Strike
0-1: Bunted foul
0-2: Fly out, F8 (Flyball, 8LS)
Batting: LHB Marcus Shill 0-0: Called Strike
0-1: Ball
1-1: Ball
2-1: Foul Ball, location: 2F
2-2: Ball
3-2: Foul Ball, location: 2F
3-2: Strikes out swinging
Ronald Anderson is caught stealing 2nd base
Batter strikes out.
Bottom of the 6th over - 0 runs, 1 hit, 0 errors, 0 left on base; Marquette 2 - Casper 6
TOP OF THE 7TH
Marquette Miners batting - Pitching for Casper Ghosts : RHP Roy Bell
Batting: RHB Vic Funnell 0-0: Ball
1-0: Ball
2-0: Called Strike
2-1: Foul Ball, location: 2F
2-2: Ball
3-2: Base on Balls
Batting: RHB Alejandro Márquez 0-0: Called Strike
0-1: Ball
1-1: Ball
2-1: Grounds into double play, 4-6-3 (Groundball, 4)
Batting: RHB Steve Albright 0-0: Ball
1-0: DOUBLE (Line Drive, 7LM)
Batting: RHB Arvi Sutinen 0-0: Called Strike
0-1: Ball
1-1: SINGLE (Line Drive, 6D)
Steve Albright to third
Runner from 3rd tries for Home, SAFE, no throw
Batting: RHB Brock Dean 0-0: Ball
Arvi Sutinen steals 2nd base
1-0: Swinging Strike
1-1: Fly out, F8 (Flyball, 8LXD)
Top of the 7th over - 1 run, 2 hits, 0 errors, 1 left on base; Marquette 3 - Casper 6
BOTTOM OF THE 7TH
Casper Ghosts batting - Pitching for Marquette Miners : RHP Kenko Nakano
Batting: LHB Badry Maksimenov 0-0: Foul Ball, location: 2F
0-1: Ground out 1-3 (Groundball, 13)
Batting: RHB Jeff Mouton 0-0: SINGLE (Groundball, 56S) (infield hit)
Batting: RHB Jur Prokop 0-0: Ball
1-0: Foul Ball, location: 2F
1-1: Called Strike
1-2: Ball
2-2: Strikes out looking
Batting: RHB Steve Weber 0-0: Foul Ball, location: 2F
0-1: Ball
1-1: Ball
2-1: Swinging Strike
2-2: Strikes out swinging
Bottom of the 7th over - 0 runs, 1 hit, 0 errors, 1 left on base; Marquette 3 - Casper 6
TOP OF THE 8TH
Marquette Miners batting - Pitching for Casper Ghosts : RHP Roy Bell
Now at 1B: Armando Pacheco
Batting: RHB Sameen Shaw 0-0: Ball
1-0: Fly out, F8 (Flyball, 78D)
Pitching: RHP Marc Henderson
Batting: RHB Franklin Kelley 0-0: Ball
1-0: Fly out, F5 (Popup, 5F)
Batting: RHB Eli Cline 0-0: DOUBLE (Line Drive, 78D)
Batting: RHB Matt Cleveland 0-0: Foul Ball, location: 2F
0-1: Swinging Strike
0-2: Strikes out looking
Top of the 8th over - 0 runs, 1 hit, 0 errors, 1 left on base; Marquette 3 - Casper 6
BOTTOM OF THE 8TH
Casper Ghosts batting - Pitching for Marquette Miners : RHP Kenko Nakano
Batting: RHB José Reyes 0-0: Ball
1-0: SINGLE (Groundball, 34D)
Batting: RHB Tatsui Kiyomizu 0-0: Sac Bunt - play at first, batter OUT! 1-3
José Reyes to second
Batting: LHB Ronald Anderson 0-0: Intentional Walk
Batting: RHB Adrijan Markovski 0-0: Called Strike
0-1: Ball
1-1: Foul Ball, location: 2F
1-2: Fly out, F3 (Popup, 3SF)
Batting: LHB Marcus Shill 0-0: Called Strike
0-1: Foul Ball, location: 2F
0-2: Ball
1-2: Ball
2-2: Fly out, F4 (Line Drive, 4M)
Bottom of the 8th over - 0 runs, 1 hit, 0 errors, 2 left on base; Marquette 3 - Casper 6
TOP OF THE 9TH
Marquette Miners batting - Pitching for Casper Ghosts : RHP Marc Henderson
Batting: RHB Vic Funnell 0-0: Called Strike
0-1: Foul Ball, location: 2F
0-2: Ball
1-2: Strikes out looking
Batting: RHB Alejandro Márquez 0-0: Ball
1-0: Foul Ball, location: 2F
1-1: Ball
2-1: Called Strike
2-2: Foul Ball, location: 2F
2-2: Ball
3-2: Foul Ball, location: 2F
3-2: SINGLE (Groundball, 6MD)
Batting: RHB Steve Albright 0-0: Ball
1-0: Fly out, F9 (Flyball, 89S)
Batting: RHB Arvi Sutinen 0-0: Ball
1-0: Ball
2-0: Called Strike
2-1: Foul Ball, location: 2F
2-2: Fielders Choice at 2nd, 6-4 (Groundball, 6)
Top of the 9th over - 0 runs, 1 hit, 0 errors, 1 left on base; Marquette 3 - Casper 6
Friday, March 29th, 2019 - OOTP Baseball 18.8 Build 76